 Dungeon Crawl Stone Soup version 0.30-a0-859-gf88a04b62d (webtiles) character file.

Game seed: 17052976778268658421

1477 BubbleThief the Ogre Mage (level 8, -1/79 HPs)
             Began as an Ogre Cinder Acolyte on Mar 6, 2023.
             Was a High Priest of Ignis.
             Slain by a wyvern (8 damage)
             ... on level 7 of the Dungeon on Mar 7, 2023.
             The game lasted 00:09:21 (6491 turns).

BubbleThief the Ogre Mage (Ogre Cinder Acolyte)     Turns: 6491, Time: 00:09:22

Health: -1/79      AC:  5    Str: 19    XL:     8   Next: 79%
Magic:  8/20       EV:  9    Int: 23    God:    Ignis [*****.]
Gold:   281        SH:  0    Dex:  4    Spells: 21/23 levels left

rFire   + . .      SeeInvis .    a - -1 spear (flame)
rCold   . . .      Faith    .    (no shield)
rNeg    . . .      Spirit   .    b - +0 robe
rPois   .          Reflect  .    E - +2 hat
rElec   .          Rampage  .    (no cloak)
rCorr   .                        (gloves unavailable)
Will    .....                    (boots unavailable)
Stlth   +                        y - amulet of magic regeneration
HPRegen 0.33/turn                f - +6 ring of intelligence
MPRegen 0.57/turn                h - ring of flight

@: flying
A: large, unfitting armour, tough skin 1
a: Renounce Religion, Fiery Armour, Foxfire Swarm, Rising Flame


You were on level 7 of the Dungeon.
You worshipped Ignis.
Ignis was extremely pleased with you.
You visited 2 branches of the dungeon, and saw 8 of its levels.
You also visited: Ossuary.

You collected 281 gold pieces.

Inventory:

Hand Weapons
 a - a -1 spear of flaming (weapon)
 s - a +0 trident of pain
Armour
 b - a +0 robe (worn)
 E - a +2 hat (worn)
Jewellery
 f - a +6 ring of intelligence (left hand)
 h - a ring of flight (right hand)
 y - an amulet of magic regeneration (around neck)
 z - a ring of wizardry
Wands
 j - a wand of polymorph (7)
 q - a wand of flame (10)
Scrolls
 c - 3 scrolls of blinking
 e - a scroll of amnesia
 i - 2 scrolls of teleportation
 n - a scroll of fear
 o - a scroll of acquirement {unknown}
 p - 10 scrolls of identify {unknown}
 u - a scroll of torment {unknown}
 v - 2 scrolls of butterflies {unknown}
 w - 2 scrolls of noise {unknown}
 x - 2 scrolls of poison {unknown}
 A - 2 scrolls of fog {unknown}
 C - a scroll of enchant armour {unknown}
Potions
 d - 3 potions of haste {unknown}
 g - a potion of brilliance {unknown}
 k - 2 potions of might {unknown}
 l - 2 potions of berserk rage {unknown}
 m - 6 potions of curing {unknown}
 r - a potion of attraction {unknown}
 t - 3 potions of invisibility {unknown}
 B - a potion of flight {unknown}
 D - a potion of mutation {unknown}


   Skills:
 - Level 4.5 Fighting
 - Level 3.3 Polearms
 + Level 8.0 Spellcasting
 + Level 7.2 Fire Magic


You had 21 spell levels left.
You knew the following spells:

 Your Spells              Type           Power      Damage    Failure   Level
a - Scorch                Fire           84%        2d9       1%          2

Your spell library contained the following spells:

 Spells                   Type           Power      Damage    Failure   Level
 Ensorcelled Hibernation  Hex/Ice        18%        N/A       11%         2
 Spider Form              Tmut/Pois      9%         N/A       21%         3
 Anguish                  Hex/Necr       4%         N/A       56%         4


Dungeon Overview and Level Annotations

Branches:
Dungeon (7/15)             Temple (1/1) D:6         Ossuary (visited)

Altars:
Ashenzari
Cheibriados
Dithmenos
Gozag
Hepliaklqana
Nemelex Xobeh
Okawaru
Qazlal
Ru
Sif Muna
Trog
Uskayaw
Wu Jian
Xom
Yredelemnul
Zin
The Shining One

Shops:
D:1 *

Annotations:
D:2 1 runed translucent door, Crazy Yiuf


Innate Abilities, Weirdness & Mutations

You are too large for most types of armour.
You have tough skin. (AC +1)


Message History

The wyvern's fire resistance burns away.
The orc is no longer more vulnerable to fire.
The wyvern closely misses you. x2
Casting: Scorch (safe; 1% risk of failure)
Confirm with . or Enter, or press ? or * to list all spells.
Flames lash the orc.
You kill the orc!
The wyvern bites you!
Unknown command.
Casting: Scorch (safe; 1% risk of failure)
Confirm with . or Enter, or press ? or * to list all spells.
Flames lash the wyvern.
The wyvern is burned terribly!
The wyvern is severely wounded.
The wyvern barely misses you. The wyvern bites you!
* * * LOW HITPOINT WARNING * * *
Unknown command.
Casting: Scorch (safe; 1% risk of failure)
Confirm with . or Enter, or press ? or * to list all spells.
Flames lash something.
The wyvern bites you.
* * * LOW HITPOINT WARNING * * *
Unknown command.
Casting: Scorch (safe; 1% risk of failure)
Confirm with . or Enter, or press ? or * to list all spells.
Flames lash the orc.
You kill the orc!
The wyvern bites you but does no damage.
The wyvern bites you!
* * * LOW HITPOINT WARNING * * *
Casting: Scorch (safe; 1% risk of failure)
Confirm with . or Enter, or press ? or * to list all spells.
Flames lash something.
Reactivating autopickup.
You feel a bit more experienced. The wyvern closely misses you.
Unknown command.
Casting: Scorch (safe; 1% risk of failure)
Confirm with . or Enter, or press ? or * to list all spells.
Flames lash the wyvern.
The wyvern is burned terribly!
The wyvern is almost dead.
The wyvern bites you!
You die...

###.. .... #.####
#...<# ##.###.##.#
#.........#
#..###.##########
#.##..###)#........#
.......@l)..........
#.##..#####.........
#. #......... #
##########


You could see a wyvern (combustible).

Vanquished Creatures
  Eustachio (D:6)
  An ice beast (D:5)
  A phantom (D:5)
  2 bullfrogs (D:6)
  A kobold brigand (D:6)
  4 scorpions
  2 howler monkeys
  4 hounds
  An orc priest (D:4)
  A jelly (D:6)
  A sleepcap (D:6)
  Terence (D:3)
  3 iguanas
  4 orc wizards
  2 mummies
  6 adders
  2 white imps (D:6)
  2 ufetubi (D:5)
  A worm (D:3)
  6 dart slugs
  17 orcs
  3 spectral bats (Ossuary)
  4 endoplasms
  2 giant cockroaches
  12 gnoll zombies (Ossuary)
  9 goblins
  4 hobgoblins
  8 jackals
  2 quokkas
  9 ball pythons
  A bat (D:2)
  5 bat simulacra (Ossuary)
  8 frilled lizards
  3 goblin simulacra (Ossuary)
  8 goblin zombies
  6 hobgoblin zombies (Ossuary)
  12 kobolds
  2 kobold simulacra (Ossuary)
  3 kobold zombies (Ossuary)
  3 orc zombies
  9 rats
  A rat simulacrum (Ossuary)
  3 spectral goblins (Ossuary)
  2 spectral kobolds (Ossuary)
  3 spectral rats (Ossuary)
185 creatures vanquished.

Vanquished Creatures (others)
  A plant (D:1)
1 creature vanquished.

Grand Total: 186 creatures vanquished

Notes
Turn   | Place    | Note
-------+----------+-------------------------------------------
     0 | D:1      | BubbleThief the Ogre Cinder Acolyte began the quest for the
                  | Orb.
     0 | D:1      | Reached XP level 1. HP: 24/24 MP: 2/2
   279 | D:1      | Reached XP level 2. HP: 29/33 MP: 3/3
   284 | D:1      | Learned a level 2 spell: Scorch
   404 | D:1      | Found Ristraxt's General Store.
  1144 | D:2      | Reached XP level 3. HP: 40/40 MP: 5/5
  1221 | D:2      | Reached skill level 2 in Spellcasting
  1299 | D:2      | Found a runed translucent door.
  1300 | D:2      | Noticed Crazy Yiuf
  1963 | D:3      | Reached XP level 4. HP: 38/49 MP: 7/7
  2355 | D:3      | Noticed Terence
  2359 | D:3      | Killed Terence
  2360 | D:3      | Reached skill level 3 in Spellcasting
  2865 | D:3      | Found a broken altar of Ashenzari.
  2932 | D:3      | Reached XP level 5. HP: 53/55 MP: 9/9
  3173 | D:4      | Identified the +0 leather armour of Resonance {Str+3 Dex-3
                  | Slay+3 SInv}
  3763 | D:4      | Reached skill level 4 in Spellcasting
  3769 | D:4      | Reached XP level 6. HP: 62/63 MP: 4/12
  4166 | D:5      | Entered Level 5 of the Dungeon
  4234 | D:5      | Noticed an ice beast
  4239 | D:5      | Killed an ice beast
  4240 | D:5      | Reached skill level 5 in Spellcasting
  4268 | D:5      | Reached skill level 5 in Fire Magic
  4268 | D:5      | Reached XP level 7. HP: 71/71 MP: 10/14
  4461 | D:5      | Identified the +1 falchion of the Puffin {drain, rF+ Dex+3}
  4492 | D:5      | Found a shadowy altar of Dithmenos.
  4901 | D:5      | Reached skill level 6 in Spellcasting
  5171 | D:6      | Reached XP level 8. HP: 76/79 MP: 5/17
  5171 | D:6      | Found a staircase to the Ecumenical Temple.
  5306 | D:6      | Found a sand-covered staircase.
  5312 | Ossuary  | Entered an ossuary
  5445 | Ossuary  | Reached skill level 7 in Spellcasting
  6147 | D:6      | Noticed Eustachio
  6174 | D:6      | Killed Eustachio
  6175 | D:6      | Reached skill level 8 in Spellcasting
  6444 | Temple   | Entered the Ecumenical Temple
  6476 | D:7      | Noticed a wyvern
  6491 | D:7      | Slain by a wyvern

Illustrated notes

Levels and vault maps discovered:
D:1:      eino_arrival_water_star, layout_basic, serial_shops,
          nicolae_shop_temple_entry_statues_fountains, chequers_big_river
D:2:      layout_basic, uniq_crazy_yiuf_cottage
D:3:      layout_loops_corners, cheibrodos_ashenzari_chains, serial_forest,
          infiniplex_forest_lined_1, infiniplex_forest_end_2,
          infiniplex_forest_clump_medium, infiniplex_forest_straight_4,
          infiniplex_forest_clump_medium, kennysheep_minor_cross, uniq_terence
D:4:      layout_loops_ring
D:5:      layout_basic, amcnicky_altar_gilded, serial_rivers,
          chequers_serial_rivers_micro_a, chequers_serial_rivers_small_3,
          chequers_serial_rivers_micro_b, chequers_serial_rivers_room_b,
          chequers_serial_rivers_small_3, nicolae_hexahallways
D:6:      layout_loops_ring, minmay_temple_entry_glass,
          nicolae_ossuary_entry_giza, uniq_eustachio
D:7:      layout_basic, demons_altar
Temple:   sentei_temple_godly_chess

Skill      XL: |  1  2  3  4  5  6  7  8 |
---------------+-------------------------+-----
Spellcasting   | 2 3 4 5 6 8 |  8.0
Fire Magic     | 3 4 5 6 7 |  7.2
Fighting       | |  4.5
Polearms       | |  3.3

Action                     |  1- 3 |  4- 6 |  7- 9 || total
---------------------------+-------+-------+-------++-------
  Melee: Spear             |   154 |   137 |    47 ||   338
         Punch             |     2 |       |     1 ||     3
   Cast: Scorch            |     3 |    37 |   156 ||   196
    Use: Scroll            |       |       |     5 ||     5
 Armour: Robe              |    20 |    47 |    34 ||   101
  Dodge: Dodged            |    41 |    52 |    47 ||   140

Table legend: (Time is in decaauts)
 A = Elapsed time spent in this place.
 B = Non-inter-level travel time spent in this place.
 C = Inter-level travel time spent in this place.
 D = Time resting spent in this place.
 E = Time spent auto-exploring this place.
 F = Levels seen in this place.
 G = Mean time per level.
                   A        B        C        D        E       F      G
               +--------+--------+--------+--------+--------+-----+--------+
         Total |   6467 |   6210 |    257 |    156 |   5029 |   9 |  718.6 |
       Dungeon |   5951 |   5694 |    257 |    156 |   4673 |   7 |  850.1 |
        Temple |      1 |      1 |      0 |      0 |      0 |   1 |    1.0 |
       Ossuary |    514 |    514 |      0 |      0 |    356 |   1 |  514.0 |
               +--------+--------+--------+--------+--------+-----+--------+

Top non-repeatable levels by time:
     D:3: 1462 daAuts
     D:2: 1037 daAuts
     D:5: 996 daAuts
     D:4: 834 daAuts
     D:1: 811 daAuts
     D:6: 785 daAuts
 Ossuary: 514 daAuts
     D:7: 23 daAuts
  Temple: 1 daAuts
